AoeStats
← Chigüiro

Arena

509013874Analyzed
4v4 RM · 7d ago on Sep 25, 2026· 26m 56s· 8 players
Game mode
Random Map
Map size
Large (8 player)
Population
200
Speed
Normal
Resources
Standard
Victory
Conquest
Starting age
Dark Age
Ending age
Imperial Age
RankedLock teamsTeams togetherTeam positionsShared explorationLock speedFull tech treeHidden civsTurbo modeCheats
Victory
Defeat
🇺🇸 Italians · United States
1574
+15
🇹🇼 Danes · Taiwan
1515
+17
🇦🇺 Franks · Australia
1495
+18
🇺🇸 Cumans · United States
1489
+18
🇺🇸 Goths · United States
1562
-18
🇧🇷 Italians · Brazil
1549
-17
🇨🇴 Bengalis · Colombia
1528
-17
🇵🇪 Varangians · Peru
1520
-16
Lightning
10:32 Feudal Age
14:51 Castle Age
13:33 Double-Bit Axe
17:09 Bow Saw
19:17 Wheelbarrow
25:24 Loom
26:31 Hand Cart
29:13 Imperial Age
Fluffy Chirp
9:38 Feudal Age
9:01 Loom
13:13 Castle Age
11:31 Double-Bit Axe
12:03 Horse Collar
14:22 Town Watch
15:38 Fletching
20:26 Wheelbarrow
20:19 Bodkin Arrow
21:36 Bow Saw
23:37 Gold Mining
24:55 Ballistics
24:51 Padded Archer Armor
26:06 Fortified Wall
26:07 Masonry
26:55 Leather Archer Armor
A Toothbrush
9:52 Feudal Age
10:21 Double-Bit Axe
10:17 Horse Collar
14:52 Wheelbarrow
17:42 Loom
20:23 Castle Age
18:32 Scale Barding Armor
18:39 Forging
19:32 Bloodlines
21:37 Chain Barding Armor
25:43 Iron Casting
沒起房子我日
10:17 Feudal Age
14:08 Castle Age
11:54 Double-Bit Axe
12:03 Horse Collar
15:23 Bow Saw
21:39 Wheelbarrow
21:38 Heavy Plow
21:44 Gold Mining
23:30 Hand Cart
24:58 Loom
27:46 Imperial Age
26:17 Gold Shaft Mining
25:33 Stone Mining
25:56 Scale Mail Armor
26:08 Forging
26:36 Squires
Freakcles
10:49 Feudal Age
9:51 Loom
14:59 Castle Age
13:10 Double-Bit Axe
13:28 Horse Collar
14:52 Gold Mining
15:04 Pikeman
16:23 Loom
20:30 Scale Mail Armor
21:31 Squires
23:27 Forging
25:33 Heavy Plow
26:24 Wheelbarrow
27:04 Bow Saw
Chigüiro
10:54 Feudal Age
14:38 Castle Age
12:53 Double-Bit Axe
13:15 Horse Collar
14:36 Forging
21:08 Bow Saw
27:22 Imperial Age
24:58 Gold Mining
25:12 Fletching
25:56 Bodkin Arrow
26:46 Wheelbarrow
26:27 Stone Mining
27:13 Gold Shaft Mining
Aron
10:51 Feudal Age
14:59 Castle Age
13:11 Double-Bit Axe
13:32 Horse Collar
14:04 Fletching
14:41 Gold Mining
22:40 Imperial Age
24:28 Padded Archer Armor
26:24 Bodkin Arrow
Manuel24
7:07 Loom
10:22 Feudal Age
11:48 Wheelbarrow
16:09 Castle Age
14:21 Double-Bit Axe
15:05 Stone Mining
17:22 Hand Cart
18:09 Horse Collar
Connection lost

Rejoining the realm…

Still unreachable

The connection could not be restored.

Session expired

The server has moved on; the page needs a fresh start.